AoeStats
← Gorp

Arabia

505356629Analyzed
1v1 RM · 25d ago on Sep 9, 2026· 30m 40s· 2 players
Game mode
Random Map
Map size
Tiny (2 player)
Population
200
Speed
Normal
Resources
Standard
Victory
Conquest
Starting age
Dark Age
Ending age
Imperial Age
RankedLock teamsTeams togetherTeam positionsShared explorationLock speedFull tech treeHidden civsTurbo modeCheats
Victory
Defeat
🇨🇦 Mongols · Canada
536
+13
🇨🇦 Franks · Canada
470
-13
MiraDemon
7:35 Loom
11:21 Feudal Age
12:33 Double-Bit Axe
13:55 Wheelbarrow
15:25 Gold Mining
22:07 Forging
22:02 Scale Barding Armor
21:58 Padded Archer Armor
26:33 Stone Mining
27:01 Man-at-Arms
Gorp
5:26 Loom
9:47 Feudal Age
10:17 Double-Bit Axe
14:06 Horse Collar
22:04 Fletching
28:57 Castle Age
27:33 Wheelbarrow
30:09 Crossbowman
Connection lost

Rejoining the realm…

Still unreachable

The connection could not be restored.

Session expired

The server has moved on; the page needs a fresh start.